cohdb
Replays
Latest Replays
All Replays
Popular Replays
Top Player Replays
Match Explorer
How It Works
Community
CoH3 Stats
Reddit
Sign in to upload your games and track your stats! →
Sign in with Steam
Match 43991649
Unlisted
Match 43991649
Overview
Messages
Build Orders
End
Construct Infanterie Kompanie
MG 42 Machine Gun Team
MG 42 Machine Gun Team
Grenadier Squad
Construct Panzergrenadier Kompanie
Panzergrenadier Squad
Selects Terror Battlegroup
Selects Machine Gun Camouflage
MG 42 Machine Gun Team
Medical Station
Kettenkrad Recon Vehicle
Pak 40 Anti-tank Gun Team
Panzergrenadier Squad
Construct Panzer Kompanie
Panzer IV Medium Tank
MG 42 Machine Gun Team
Pioneer Squad
Kettenkrad Recon Vehicle
Panzergrenadier Squad
Selects Defend the Fatherland
Panzer IV Medium Tank
251 Medium Carrier
Selects King Tiger Heavy Tank
MG 42 Machine Gun Team
Pak 40 Anti-tank Gun Team
Selects Contempt for the Weak
Selects Propaganda Leaflet Drop
King Tiger Heavy Tank
Pioneer Squad
Pioneer Squad
Propaganda Leaflet Drop
251 Medium Carrier
MG 42 Bunker
Selects V1 Rocket Strike
MG 42 Bunker
King Tiger Heavy Tank
251 Medium Carrier
Panzergrenadier Officer Quarters
Pak 40 Anti-tank Gun Team
V1 Rocket Strike
IronChest
BananaJoe
anioki
Shimodragon
0
0
Comments
sign in to comment!
No comments posted yet!